 Dungeon Crawl Stone Soup version 0.32-a0-975-g85d4e5bfdb (webtiles) character file.

Game seed: 18362923265516830772

2 Maxmaps the Caller (level 1, -2/13 HPs)
             Began as a Demonspawn Summoner on Apr 19, 2024.
             Slain by a ball python (3 damage)
             ... on level 1 of the Dungeon.
             The game lasted 00:00:48 (61 turns).

Maxmaps the Caller (Demonspawn Summoner)              Turns: 61, Time: 00:00:49

Health: -2/13      AC:  2    Str:  8    XL:     1   Next: 33%
Magic:  0/3        EV:  1    Int: 15    God:
Gold:   0          SH:  0    Dex: 13    Spells: 3/4 levels left

rFire   . . .        (no weapon)
rCold   . . .        (no shield)
rNeg    . . .        a - +0 robe
rPois   .            (no helmet)
rElec   .            (no cloak)
rCorr   .            (no gloves)
SInv    .            (no boots)
Will    .....        (no amulet)
Stlth   ++           (no ring)
HPRegen 0.22/turn    (no ring)
MPRegen 0.08/turn

%: no passive effects
@: lethally poisoned (-2 -> -8), very slightly contaminated, constricted
A: no striking features
a: no special abilities


You were on level 1 of the Dungeon.
You visited 1 branch of the dungeon, and saw 1 of its levels.

Inventory:

Armour
 a - a +0 robe (worn)
Potions
 b - a potion of magic


   Skills:
 - Level 1.7 Dodging
 - Level 1.7 Stealth
 + Level 2.2 Spellcasting
 - Level 4.0 Summonings


You had 3 spell levels left.
You knew the following spells:

 Your Spells              Type           Power      Damage    Failure   Level
a - Summon Small Mammal   Summ           52%        N/A       4%          1

Your spell library contained the following spells:

 Spells                   Type           Power      Damage    Failure   Level
 Call Imp                 Summ           26%        N/A       6%          2
 Call Canine Familiar     Summ           13%        N/A       13%         3
 Summon Blazeheart Golem  Fire/Summ      7%         N/A       67%         4
 Summon Lightning Spire   Summ/Air       7%         N/A       67%         4


Dungeon Overview and Level Annotations

Branches:
Dungeon (1/15)

Altars:


Message History

Your quokka bites the endoplasm.
The endoplasm dies!
The bat closely misses your bat.
The kobold hits you with a +2 short sword of venom.
You closely miss the kobold. The bat hits your bat.
Your bat hits the kobold but does no damage.
The bat completely misses your bat.
Your bat closely misses the ball python.
Your quokka barely misses the kobold.
The ball python closely misses you. The ball python barely misses you.
The bat closely misses your bat.
Your bat hits the kobold. The kobold barely misses you.
You hit the kobold but do no damage.
The kobold is moderately wounded.
The bat completely misses your bat.
Your bat barely misses the kobold.
Your quokka barely misses the kobold.
The bat barely misses your bat.
Your bat closely misses the ball python.
The ball python bites your bat.
Your bat dies!
Your bat's corpse disappears in a puff of smoke!
The ball python barely misses you. x2
The kobold hits you with a +2 short sword of venom.
You are lethally poisoned!
Your quokka closely misses the kobold.
You closely miss the kobold.
The kobold is moderately wounded.
You feel very sick. The bat misses your quokka.
The bat hits your quokka but does no damage.
The ball python barely misses you. The ball python grabs you.
The ball python constricts you.
Your quokka barely misses the kobold.
The bat completely misses your quokka.
The kobold hits you with a +2 short sword of venom.
* * * LOW HITPOINT WARNING * * *
Unknown command.
You hit the kobold.
The kobold is heavily wounded.
* * * LOW HITPOINT WARNING * * *
You feel sick. The bat completely misses your quokka.
The bat closely misses your quokka. The ball python bites you.
You die...
PPPPPPPPPPPPPPP..#

################.#######
##........>...#
#..####.......# ###.##
#.......# #####..$#
#...(...# #......##
#.......# ##..!...#
######### #.....@.#
...###KS.# # #Sbr.#
.[.#ยง.# #$$?##..# ...#.
#..# #.## ..## #. ###


You could see a bat, 2 ball pythons, a kobold (ally target) and a friendly
quokka (summoned).

Vanquished Creatures (collateral kills)
  2 endoplasms (D:1)
2 creatures vanquished.

Notes
Turn   | Place    | Note
-------+----------+-------------------------------------------
     0 | D:1      | Maxmaps the Demonspawn Summoner began the quest for the
                  | Orb.
     0 | D:1      | Reached XP level 1. HP: 13/13 MP: 3/3
    61 | D:1      | Slain by a ball python

Illustrated notes

Levels and vault maps discovered:
D:1:      eino_arrival_tree_alley, layout_basic, minmay_tetromino_t4

Action                     || total
---------------------------++-------
  Melee: Unarmed           ||     7
         Punch             ||     1
   Cast: Summon Small Mamm ||     4
 Armour: Robe              ||     5
  Dodge: Dodged            ||     7

Table legend: (Time is in decaauts)
 A = Elapsed time spent in this place.
 B = Non-inter-level travel time spent in this place.
 C = Inter-level travel time spent in this place.
 D = Time resting spent in this place.
 E = Time spent auto-exploring this place.
 F = Levels seen in this place.
 G = Mean time per level.
                   A        B        C        D        E       F      G
               +--------+--------+--------+--------+--------+-----+--------+
         Total |     61 |     61 |      0 |     17 |     14 |   1 |   61.0 |
       Dungeon |     61 |     61 |      0 |     17 |     14 |   1 |   61.0 |
               +--------+--------+--------+--------+--------+-----+--------+

Top non-repeatable levels by time:
     D:1: 61 daAuts
